 Dungeon Crawl Stone Soup version 0.24.0-123-gd5b16e6ec5 (webtiles) character file.

Game seed: 12279624639963307141, levelgen mode: deterministic

37 Chiseanne the Skirmisher (level 3, -2/30 HPs)
             Began as a Demonspawn Warper on Jan 10, 2020.
             Slain by a white imp (5 damage)
             ... summoned by Natasha
             ... on level 2 of the Dungeon.
             The game lasted 00:01:45 (1495 turns).

Chiseanne the Skirmisher (Demonspawn Warper)        Turns: 1495, Time: 00:01:45

Health: -2/30      AC:  4    Str: 12    XL:     3   Next: 21%
Magic:  6/6        EV: 11    Int: 14    God:
Gold:   49         SH:  0    Dex: 12    Spells: 6/6 levels left

rFire    . . .     SeeInvis .   a - +0 falchion
rCold    . . .     Gourm    .   (no shield)
rNeg     . . .     Faith    .   b - +0 leather armour
rPois    .         Spirit   .   (helmet restricted)
rElec    .         Reflect  .   (no cloak)
rCorr    .         Harm     .   h - +0 pair of gloves
MR       .....                  (no boots)
Stlth    +.........             (no amulet)
HPRegen  0.10/turn              (no ring)
MPRegen  0.10/turn              (no ring)

@: flying, slowed, very slow
A: horns 2
a: no special abilities


You were on level 2 of the Dungeon.
You were not hungry.

You visited 1 branch of the dungeon, and saw 2 of its levels.

You collected 49 gold pieces.

Inventory:

Hand Weapons
 a - a +0 falchion (weapon)
Missiles
 c - 93 stones (quivered)
 g - 23 sling bullets
 n - a throwing net
Armour
 b - a +0 leather armour (worn)
 h - a +0 pair of gloves (worn)
 l - a +0 buckler
 m - a +2 buckler
Scrolls
 d - a scroll of blinking
 i - a scroll of teleportation
 o - a scroll of amnesia {unknown}
 p - a scroll of fear {unknown}
Comestibles
 f - 6 rations
 j - 3 chunks of flesh


   Skills:
 * Level 3.7 Fighting
 - Level 1.7 Long Blades
 - Level 0.8 Throwing
 - Level 0.8 Armour
 - Level 1.7 Dodging
 - Level 2.0 Spellcasting
   Level 2.6 Translocations


You had 6 spell levels left.
You didn't know any spells.
Your spell library contained the following spells:

 Spells                   Type           Power        Failure   Level  Hunger
 Blink                    Tloc           N/A          16%         2    ###....
 Shroud of Golubria       Chrm/Tloc      #.....       26%         2    ###....
 Gell's Gravitas          Tloc           #.........   30%         3    ####...
 Lesser Beckoning         Tloc           #.........   30%         3    ####...
 Teleport Other           Tloc           #.......     30%         3    ####...
 Passage of Golubria      Tloc           N/A          69%         4    #####..


Dungeon Overview and Level Annotations

Branches:
Dungeon (2/15)

Altars:

Annotations:
D:2 Natasha


Innate Abilities, Weirdness & Mutations

You have a pair of horns on your head.


Message History

You fly up into the air.
The white imp barely misses you.
You riposte.
You hit the white imp but do no damage.
The white imp is lightly wounded.
The white imp hits you. The white imp freezes you.
Natasha casts a spell at you. You resist with significant effort.
The shadow imp barely misses you. Natasha misses you.
You closely miss Natasha.
Natasha is heavily wounded.
The white imp hits you but does no damage.
The shadow imp hits you. Natasha claws you. The shadow imp hits you.
The white imp gestures at you. The puff of frost hits you!
* * * LOW HITPOINT WARNING * * *
You closely miss Natasha. Your headbutt misses Natasha.
Natasha is heavily wounded.
Natasha barely misses you. The white imp hits you.
* * * LOW HITPOINT WARNING * * *
The white imp freezes you.
You die...

# #. ###.###########
#######
#.............###......
#..>....)..(...(.......
#....5h.......###......
#.....@.......# #....##
#....5........# #....##
#.............# #.....#
############### #####.#
#.. #.. #.. #.. ##.


You could see Natasha, a white imp and a shadow imp.

Vanquished Creatures
  A dart slug (D:2)
  A leopard gecko (D:1)
  A ball python (D:2)
  2 giant cockroaches (D:1)
  4 goblins
  5 hobgoblins
  2 jackals (D:2)
  3 bats (D:1)
  4 frilled lizards
  6 kobolds
  3 rats (D:1)
32 creatures vanquished.

Notes
Turn   | Place    | Note
-------+----------+-------------------------------------------
     0 | D:1      | Chiseanne the Demonspawn Warper began the quest for the
                  | Orb.
     0 | D:1      | Reached XP level 1. HP: 16/16 MP: 3/3
   325 | D:1      | Gained mutation: You have a pair of small horns on your
                  | head. [demonic ancestry]
   325 | D:1      | Reached XP level 2. HP: 1/23 MP: 5/5
   699 | D:1      | Reached skill level 3 in Fighting
  1415 | D:2      | Gained mutation: You have a pair of horns on your head.
                  | [demonic ancestry]
  1415 | D:2      | Reached XP level 3. HP: 29/29 MP: 6/6
  1485 | D:2      | Noticed Natasha
  1495 | D:2      | Slain by a white imp

Levels and vault maps discovered:
D:1:      psy_arrival_dodecagon, layout_basic
D:2:      layout_basic, nicolae_overflow_crystal_walls, minmay_misc_feat_room,
          uniq_natasha

Skill      XL: |  1  2 |
---------------+-------+-----
Fighting       | 3 |  3.7
Long Blades    | |  1.7
Throwing       | |  0.8
Armour         | |  0.8
Dodging        | |  1.7
Spellcasting   | |  2.0
Translocations | |  2.6

Action                   || total
-------------------------++-------
Melee: Falchion          ||    81
       Headbutt          ||    10
Throw: Boomerang         ||     5
  Use: Scroll            ||     3
       Potion            ||     1
  Eat: Chunk             ||     2
Armor: Leather armour    ||    21
Dodge: Dodged            ||    70
       Rpst.: Falchion   ||    26
